[Event "Live Chess"]
[Site "Chess.com"]
[Date "2024.06.02"]
[Round "-"]
[White "Colm_Buckley"]
[Black "raimundklein"]
[Result "1/2-1/2"]
[WhiteElo "1881"]
[BlackElo "1591"]
[TimeControl "300"]
[EndTime "7:40:11 PDT"]
[Termination "Game drawn - timeout vs insufficient material"]

1. d4 Nf6 2. c4 g6 3. Nc3 Bg7 4.
e4 d6 5. Be2 O-O 6. Nf3 e5 7. O-O Nc6 8. d5 Ne7 9. b4 Nh5 10. c5 f5 11. Bg5 h6 12. Bxe7 Qxe7 13. cxd6 cxd6 14. Rc1 Nf6 15. exf5 gxf5 16. Nb5 Ne8 17.
Nxa7 Bd7 18. Nb5 Bxb5 19. Bxb5 Rxa2 20. Bxe8 Rxe8 21. Ra1 Rea8 22. Rxa2 Rxa2 23. Qb3 Ra8 24. g3 e4 25. Nh4 Qf6 26. Qc2 Kh7 27. Qc7 f4 28.
Qd7 Rf8 29. b5 Rf7 30. Qg4 Qg5 31. Qxg5 hxg5 32. Ng2 Rf5 33. gxf4 gxf4 34. Rd1 f3 35. Ne3 Rg5+ 36. Kh1 Be5 37. Rg1 Kg6 38. Rxg5+ Kxg5 39.
Kg1 Kh4 40. Nc4 Bf4 41. b6 Kh3 42. Na5 Bxh2+ 43. Kf1 Be5 44. Nxb7 Bd4 45. Nxd6 Bxb6 46. Nxe4 Kg4 47. d6 Kf4 48. Nd2 Ke5 49. Nc4+ Kd5 50.
Nxb6+ Kxd6 51. Nc4+ Kd5 52. Nd2 Ke5 53. Nxf3+ Kf4 54.
Ke2 Ke4 55. Nd2+ Kf4 56. f3 Kf5 57. Ne4 Kf4 58. Kf2 Kf5 59. Ke3 Ke5 60. f4+ Kf5 61. Ng3+ Kf6 62. Ke4 Ke6 63. f5+ Kf6 64. Kf4 Kf7 65.
Kg5 Kg7 66. f6+ Kf7 67. Nf5 Kf8 68. Nh6 Ke8 69. Kg6 Kf8 70. f7 Ke7 71. Kg7 Ke6 72.
f8=Q Ke5 73. Qf6+ Kd5 74. Qf5+ Kd4 75. Ng4 Kc4 76. Nf2 Kc3 1/2-1/2

[Event "Live Chess"]
[Site "Chess.com"]
[Date "2024.06.02"]
[Round "-"]
[White "Larchikov"]
[Black "Ferrarifan27"]
[Result "0-1"]
[WhiteElo "2087"]
[BlackElo "2147"]
[TimeControl "300"]
[EndTime "7:40:40 PDT"]
[Termination "Ferrarifan27 won by resignation"]

1. e4 e5 2. Nc3 Nc6 3. Bc4 Bc5 4. Nf3 Nf6 5. O-O O-O 6. d3 h6 7. Be3 Bxe3 8. fxe3 d6 9. d4 Qe7 10. Nd5 Nxd5 11.
Bxd5 Bd7 12. Qe1 Nd8 13. Nh4 Be6 14. Bxe6 Nxe6 15. Qg3 Qg5 16. Nf5 Qxg3 17. hxg3 Kh7 18.
g4 g6 19. Ng3 exd4 20. exd4 Nxd4 21. Rf6 Kg7 22. Rf2 Rfe8 23. c3 Ne6 24. Raf1 Ng5 25. Re2 Re7 26. Rfe1 Rae8 27. Kf2 Ne6 28. Re3 Nf4 29. Rf3 Ne6 30. Rfe3 Ng5 31. R1e2 Re5 32. Ke1 d5 33. Kd2 Nxe4+ 34. Nxe4 Rxe4 35. Rxe4 Rxe4 36.
Rf2 0-1

[Event "Live Chess"]
[Site "Chess.com"]
[Date "2024.06.02"]
[Round "-"]
[White "JanMur7"]
[Black "Queensandpawns"]
[Result "0-1"]
[WhiteElo "2277"]
[BlackElo "2272"]
[TimeControl "300"]
[EndTime "7:41:00 PDT"]
[Termination "Queensandpawns won by resignation"]

1. c4 e5 2. Nc3 Nc6 3. Nf3 f5 4. e4 d6 5. d4 Nf6 6. dxe5 Nxe4 7. exd6 Bxd6 8. Nxe4 fxe4 9. Ng5 O-O 10. Qd5+ Kh8 11. Nf7+ Rxf7 12. Qxf7 Bg4 13. h3 Bb4+ 0-1

[Event "Live Chess"]
[Site "Chess.com"]
[Date "2024.06.02"]
[Round "-"]
[White "80Times"]
[Black "agamilewska"]
[Result "0-1"]
[WhiteElo "1889"]
[BlackElo "1777"]
[TimeControl "300"]
[EndTime "7:41:14 PDT"]
[Termination "agamilewska won by resignation"]

1. e4 e5 2. Bc4 Nc6 3. Nc3 Nf6 4. d3 Bb4 5. Ne2 d5 6. exd5 Nxd5 7. O-O Bxc3 8. bxc3 O-O 9. f4 exf4 10. Nxf4 Nxc3 11.
Qh5 Qd4+ 12. Kh1 Ne5 13. Bb2 Nxc4 14. dxc4 Qxc4 15. Rf3 Ne4 16. Nd5 Bg4 17. Ne7+ Kh8 18. Qh6 f6 19. Ng6+ Kg8 20. Ne7+ Kf7 21. Qxh7 Bxf3 22. gxf3 Nf2+ 23. Kg2 Qe6 24. Qg6+ Kxe7 25. Kxf2 Qb6+ 26. Kg3 Qd6+ 27. f4 Rae8 28. Qxg7+ Kd8 29. Qg4 Re3+ 30. Kh4 Rh8+ 0-1

[Event "Live Chess"]
[Site "Chess.com"]
[Date "2024.06.02"]
[Round "-"]
[White "gmnorfolk"]
[Black "joellloyd"]
[Result "1-0"]
[WhiteElo "2138"]
[BlackElo "1892"]
[TimeControl "300"]
[EndTime "7:41:35 PDT"]
[Termination "gmnorfolk won by resignation"]

1. d4 Nf6 2. Nf3 d5 3. Bf4 c5 4.
c3 Nc6 5. e3 e6 6. Nbd2 Bd6 7. Bg3 O-O 8. Bd3 b6 9. O-O Bb7 10. Qe2 c4 11. Bc2 Qc7 12. e4 Bxg3 13. fxg3 b5 14. e5 Nd7 15. Bxh7+ 1-0

[Event "Live Chess"]
[Site "Chess.com"]
[Date "2024.06.02"]
[Round "-"]
[White "KeithArkell"]
[Black "Mangoalo"]
[Result "1-0"]
[WhiteElo "2401"]
[BlackElo "1066"]
[TimeControl "300"]
[EndTime "7:41:41 PDT"]
[Termination "KeithArkell won by resignation"]

1. d4 Nf6 2. Nf3 e6 3. c4 Bb4+ 4. Bd2 Bxd2+ 5. Qxd2 O-O 6. d5 Qe7 7. Nc3 exd5 8. Nxd5 Nxd5 9. cxd5 c6 10. e3 cxd5 11.
Qxd5 Nc6 12. Be2 d6 13. O-O Be6 14. Qd2 Rac8 15. Rac1 Bxa2 16. h3 h6 17. Nd4 Nxd4 18.
Qxd4 Rxc1 19. Rxc1 Be6 20. Qxa7 Rc8 21. Rxc8+ Bxc8 22. Qb8 Qd7 23. e4 Kh7 24. Bg4 1-0

[Event "Live Chess"]
[Site "Chess.com"]
[Date "2024.06.02"]
[Round "-"]
[White "Inglaterra"]
[Black "RichardABates"]
[Result "1/2-1/2"]
[WhiteElo "2041"]
[BlackElo "2369"]
[TimeControl "300"]
[EndTime "7:41:48 PDT"]
[Termination "Game drawn by repetition"]

1. c4 g6 2. Nf3 Bg7 3. g3 Nf6 4.
Bg2 O-O 5. O-O d6 6. d4 c6 7. Nc3 Qb6 8. b3 Qa5 9. Bb2 Qh5 10. e4 Bg4 11. Qd3 Na6 12. a3 e5 13. b4 Nc7 14.
Rfe1 Ne6 15. Ne2 Nd7 16. dxe5 Bxf3 17. Bxf3 Nxe5 18. Bxe5 Qxe5 19. Rad1 Rad8 20. Bg2 g5 21. Qf3 f5 22. exf5 Rxf5 23. Qh5 Qf6 24. Bh3 Re5 25.
Nc1 Rf8 26. Nd3 Rxe1+ 27. Rxe1 Nd4 28. Re3 Nf3+ 29. Kg2 Ne5 30. Qe2 h5 31. Nxe5 dxe5 32. Kg1 g4 33. Bg2 Rd8 34. Be4 Rd4 35. Rd3 Bh6 36. Bg2 Rxc4 37. Rd8+ Qxd8 38. Qxc4+ Kg7 39. Qe6 Qd1+ 40. Bf1 Qe1 41. Qe7+ Kg6 42. Qe6+ Kg7 43. Qe7+ Kg6 44. Qe6+ Kg7 1/2-1/2

[Event "Live Chess"]
[Site "Chess.com"]
[Date "2024.06.02"]
[Round "-"]
[White "juniortay"]
[Black "Bradfield133"]
[Result "1-0"]
[WhiteElo "2306"]
[BlackElo "1848"]
[TimeControl "300"]
[EndTime "7:41:52 PDT"]
[Termination "juniortay won on time"]

1. e4 c5 2. f3 g6 3. Ne2 Bg7 4. d4 cxd4 5. Nxd4 Nc6 6. Nb3 Nf6 7. Nc3 O-O 8. Be3 d6 9. Be2 a6 10. a4 Be6 11. a5 Bxb3 12. cxb3 Nxa5 13. O-O Nc6 14.
Qd2 Rc8 15. Rfd1 Ne5 16. h3 Qc7 17. Rac1 Qb8 18. Bb6 Ned7 19. Na4 Rxc1 20. Rxc1 Rc8 21. Be3 b5 22. Nc3 Rc7 23. Rd1 Qc8 24. Bh6 Nc5 25. b4 Ne6 26. Bd3 Qb7 27. Be3 Rd7 28. Bb1 Nc7 29.
Ba2 e6 30. Bf4 d5 31. Bxc7 Qxc7 32. exd5 Nxd5 33. Nxd5 exd5 34. Bxd5 Qb6+ 35. Kh1 Qf6 36. b3 Qc3 37. Qe2 Qe5 38. Qd3 Kf8 39. Qe4 Qxe4 40. fxe4 Bc3 41. Rf1 Bxb4 42. Rf6 Bd6 43. Rf2 Re7 44. g4 1-0

[Event "Live Chess"]
[Site "Chess.com"]
[Date "2024.06.02"]
[Round "-"]
[White "degringolade64"]
[Black "lyricalschemes"]
[Result "1-0"]
[WhiteElo "2096"]
[BlackElo "2223"]
[TimeControl "300"]
[EndTime "7:42:04 PDT"]
[Termination "degringolade64 won by checkmate"]

1. e4 Nf6 2. e5 Nd5 3. d4 d6 4. c4 Nb6 5. f4 dxe5 6. fxe5 Nc6 7. Be3 Bf5 8. Nc3 e6 9. Nf3 Be7 10. Be2 O-O 11. O-O f6 12. exf6 Bxf6 13. Qd2 Qe7 14. Rad1 Rad8 15. Kh1 Bg4 16. Ne4 Bxf3 17.
Nxf6+ gxf6 18. gxf3 Kh8 19. Rg1 Rg8 20. Rxg8+ Rxg8 21. Rg1 Rxg1+ 22. Bxg1 e5 23. d5 Nd4 24. Bd1 Nxc4 25.
Qc3 Nb6 26. Bxd4 exd4 27. Qxd4 Qe1+ 28. Kg2 Qe5 29. Qc5 Qxb2+ 30. Kh3 Kg7 31. Qe7+ Kg6 32. Qxc7 Nxd5 33. Bc2+ Kh6 34. Qxh7+ Kg5 35. Qf5+ Kh6 36. Qg6# 1-0

[Event "Live Chess"]
[Site "Chess.com"]
[Date "2024.06.02"]
[Round "-"]
[White "missedJariChance"]
[Black "Cruiseylee78"]
[Result "0-1"]
[WhiteElo "1378"]
[BlackElo "1679"]
[TimeControl "300"]
[EndTime "7:42:32 PDT"]
[Termination "Cruiseylee78 won by resignation"]

1. b3 Nf6 2. Bb2 d5 3. Nf3 Bf5 4. e3 e6 5. Be2 c6 6. c4 Nbd7 7. O-O Qc7 8. d4 Bd6 9. Nc3 h5 10. c5 Be7 11. Rc1 b6 12. cxb6 axb6 13. Nb5 Qb7 14.
Na3 Bxa3 0-1

[Event "Live Chess"]
[Site "Chess.com"]
[Date "2024.06.02"]
[Round "-"]
[White "goldinspiredphoenix"]
[Black "Ksenia_2013"]
[Result "1-0"]
[WhiteElo "1501"]
[BlackElo "961"]
[TimeControl "300"]
[EndTime "7:42:40 PDT"]
[Termination "goldinspiredphoenix won by checkmate"]

1. d4 d5 2. c4 dxc4 3. Nc3 Be6 4.
e4 Nf6 5. d5 Bg4 6. Nf3 g6 7.
Bxc4 Bg7 8. Bf4 O-O 9. h3 Bxf3 10. Qxf3 Na6 11. Bxa6 bxa6 12. O-O Qb8 13. Rab1 Nh5 14. Bg3 Nxg3 15. Qxg3 Bxc3 16. bxc3 Qc8 17. Rb3 Rb8 18. Rfb1 Rxb3 19. Rxb3 Rd8 20. c4 e6 21. Qe5 exd5 22. cxd5 c6 23. Rc3 Qa8 24. Rxc6 Rc8 25. Rxa6 Rc1+ 26. Kh2 f6 27. Qe6+ Kh8 28. Qxf6+ Kg8 29. Qe6+ Kf8 30. Qd6+ Ke8 31. Qf4 Qc8 32. Re6+ Kd7 33.
Qd6# 1-0

[Event "Live Chess"]
[Site "Chess.com"]
[Date "2024.06.02"]
[Round "-"]
[White "LL220284LL"]
[Black "DylanMeyer1"]
[Result "1-0"]
[WhiteElo "2467"]
[BlackElo "1728"]
[TimeControl "300"]
[EndTime "7:42:43 PDT"]
[Termination "LL220284LL won by checkmate"]

1. e3 d5 2. b3 Nf6 3. Bb2 g6 4. Nf3 Bg7 5. Be2 c6 6. O-O O-O 7. c4 e6 8. Nc3 Nbd7 9. d4 Qc7 10. Rc1 b6 11. a3 Bb7 12. Nd2 Rae8 13. Ba1 a6 14.
Bf3 Qd6 15. e4 dxe4 16. Ncxe4 Nxe4 17. Nxe4 Qe7 18. c5 b5 19. Nd6 Rb8 20. Nxb7 Rxb7 21.
Bxc6 Rc7 22. Bf3 Nf6 23. b4 Nd5 24. Bxd5 exd5 25. Bc3 Re8 26. Qd3 Qf6 27. Rce1 Rce7 28. Rxe7 Rxe7 29. a4 Re4 30. axb5 axb5 31. Qxb5 Rg4 32. Qe2 Qg5 33. f3 Bxd4+ 34. Kh1 Rf4 35. Bd2 Qf6 36. Bxf4 Qxf4 37. Rd1 Bc3 38. b5 d4 39. b6 Qb8 40. Qe4 f5 41. Qe6+ Kg7 42. Qd6 Qb7 43. Qc7+ Qxc7 44. bxc7 Kh6 45. c8=Q Kg5 46.
Qd8+ Kh5 47. Rxd4 g5 48. Qe8+ Kh6 49. Rd6+ Kg7 50. Qe7+ Kg8 51. Rd8# 1-0

[Event "Live Chess"]
[Site "Chess.com"]
[Date "2024.06.02"]
[Round "-"]
[White "ACM42"]
[Black "dmitro74"]
[Result "1-0"]
[WhiteElo "2165"]
[BlackElo "1744"]
[TimeControl "300"]
[EndTime "7:42:48 PDT"]
[Termination "ACM42 won by resignation"]

1. e4 e6 2. d4 d5 3. Nc3 dxe4 4. Nxe4 Nd7 5. Ne2 Ngf6 6. N2g3 c5 7. dxc5 Nxc5 8. Qxd8+ Kxd8 9. Nxf6 gxf6 10. Be3 Bd6 11. O-O-O Ke7 12. Bc4 Bd7 13. a3 Bc6 14. f3 b5 15. Ba2 a5 16. c3 Rhd8 17. Rhe1 b4 18. Nf5+ exf5 19. Bxc5+ Kf8 20. Rxd6 Rxd6 21. Bxd6+ Kg7 22.
Re7 bxc3 23. Rxf7+ Kg6 24. bxc3 Rd8 25. Bf8 f4 26. Rc7 Ba4 27. Bb1+ f5 28. Bc5 Rd1+ 29. Kb2 Rd2+ 30. Ka1 Rxg2 31. Rc8 Rxh2 32. Rg8+ Kh6 33. Bxf5 Rh1+ 34. Kb2 Rh2+ 35. Kc1 Rc2+ 36. Bxc2 1-0

[Event "Live Chess"]
[Site "Chess.com"]
[Date "2024.06.02"]
[Round "-"]
[White "elephantgerrald"]
[Black "nitrofish07"]
[Result "0-1"]
[WhiteElo "852"]
[BlackElo "2085"]
[TimeControl "300"]
[EndTime "7:43:05 PDT"]
[Termination "nitrofish07 won by checkmate"]

1. e4 c5 2. Nf3 d6 3. d4 cxd4 4. Nxd4 Nf6 5. Nc3 a6 6. Bg5 e6 7. Bxf6 Qxf6 8. Bd3 Bd7 9. O-O Qxd4 10. Qf3 Nc6 11. Ne2 Qf6 12. Qxf6 gxf6 13. Rfd1 Be7 14. Ng3 Ne5 15. Nh5 Nxd3 16. cxd3 Rg8 17. Rac1 Rg5 18.
Ng3 h5 19. h4 Rg8 20. Nxh5 Rh8 21. Ng7+ Kf8 22. Nxe6+ Bxe6 23. b3 Kg7 24. Rc7 Rhe8 25. Rxb7 Rac8 26. Rd2 d5 27. exd5 Bxd5 28. Rb6 Bd8 29. Rxa6 Re1+ 30. Kh2 Bc7+ 31. g3 Rh1# 0-1

[Event "Live Chess"]
[Site "Chess.com"]
[Date "2024.06.02"]
[Round "-"]
[White "gobbles19"]
[Black "TheSmoulderingMaster"]
[Result "1-0"]
[WhiteElo "2209"]
[BlackElo "1781"]
[TimeControl "300"]
[EndTime "7:43:11 PDT"]
[Termination "gobbles19 won by resignation"]

1. e4 c5 2. d4 cxd4 3. c3 dxc3 4. Nxc3 Nc6 5. Bc4 a6 6. Nf3 e6 7. O-O d6 8. Qe2 e5 9. h3 Nf6 10. Ng5 Be6 11. Bxe6 fxe6 12. Nxe6 Qe7 13. Ng5 Nd4 14.
Qd1 h6 15. Nf3 Qe6 16. Nxd4 exd4 17. Qxd4 Be7 18. Be3 O-O 19. Rad1 Rac8 20. Nd5 Nxd5 21. Qxd5 Qxd5 22. Rxd5 Rc2 23. Rd2 Rxd2 24. Bxd2 Rc8 25. Bc3 Bf6 26. Rc1 Bxc3 27. Rxc3 Rd8 28. Rc7 Re8 29. f3 b5 30. Rc6 d5 31. exd5 Re1+ 32. Kh2 Rd1 33. d6 Kf7 34. Rxa6 Ke6 35. b3 1-0

[Event "Live Chess"]
[Site "Chess.com"]
[Date "2024.06.02"]
[Round "-"]
[White "MagnersCarlsberg2870"]
[Black "bill77678"]
[Result "0-1"]
[WhiteElo "1767"]
[BlackElo "1843"]
[TimeControl "300"]
[EndTime "7:43:15 PDT"]
[Termination "bill77678 won by resignation"]

1. d4 d5 2. e3 Nf6 3. Bd3 Nbd7 4.
f4 e6 5. Nf3 Bd6 6. Nbd2 b6 7.
Qe2 c5 8. c3 c4 9. Bc2 O-O 10.
e4 dxe4 11. Nxe4 Nxe4 12. Qxe4 Nf6 13. Qxa8 Qc7 14. Ne5 Bxe5 15. fxe5 Nd5 16. O-O Ba6 17. Qxf8+ Kxf8 18. Bxh7 Bb7 19. Bg6 f5 20. exf6 gxf6 21. Bh6+ Ke7 22. Rae1 Bc8 23. Be4 Qd7 24. Bg7 Bb7 25.
Bxd5 Qxd5 26. Bxf6+ Kd7 27. Re2 Qh5 28. Rfe1 Qg6 29.
Be5 Bd5 30. Rf1 Qg4 31. Ref2 a5 32. Bg3 Qe4 33. Rf7+ Kc6 34. R1f2 Kb5 35. R7f3 Qb1+ 36. Rf1 Qxb2 37. R3f2 Qxc3 38. h4 Qxd4 39. h5 Qg4 40.
Bf4 Qxh5 41. Rb1+ Kc6 42. Be3 b5 43. Rf8 Qe5 44. Re1 Qb2 45. Rf2 Qc3 46. Rc1 Qxe3 0-1

[Event "Live Chess"]
[Site "Chess.com"]
[Date "2024.06.02"]
[Round "-"]
[White "WorcesterYork"]
[Black "StoreySniper"]
[Result "1-0"]
[WhiteElo "2461"]
[BlackElo "2489"]
[TimeControl "300"]
[EndTime "7:43:18 PDT"]
[Termination "WorcesterYork won by checkmate"]

1. d4 g6 2. h4 Bg7 3. h5 c5 4. dxc5 Qa5+ 5. c3 Qxc5 6. h6 Bf6 7. e4 Nc6 8. Be3 Qa5 9. Nd2 Qc7 10. f4 d6 11. Ngf3 Bg4 12. Be2 e6 13. Nc4 O-O-O 14. Qa4 Bxf3 15. gxf3 d5 16. Ne5 Bxe5 17. fxe5 Kb8 18.
exd5 Rxd5 19. f4 Nge7 20. Bf3 Rd3 21. Ke2 Rhd8 22. Rhd1 Rxd1 23. Rxd1 Rxd1 24. Qxd1 Nf5 25.
Bc5 Kc8 26. b4 b6 27. Bf8 Nxe5 28. fxe5 Qxe5+ 29. Kd2 Ne3 30. Qe2 Qh2 31. Kxe3 Qg1+ 32.
Kd2 Qa1 33. Qc4+ Kd8 34. Qd4+ Ke8 35. Bc6+ Kxf8 36. Qd8# 1-0

[Event "Live Chess"]
[Site "Chess.com"]
[Date "2024.06.02"]
[Round "-"]
[White "NAZRIZ1977"]
[Black "ivan_1968"]
[Result "1-0"]
[WhiteElo "2079"]
[BlackElo "1806"]
[TimeControl "300"]
[EndTime "7:43:29 PDT"]
[Termination "NAZRIZ1977 won by resignation"]

1. d4 Nf6 2. c4 e6 3. Nc3 Bb4 4. Bg5 h6 5. Bh4 g5 6. Bg3 Ne4 7. Qc2 f5 8. f3 Bxc3+ 9. bxc3 Nxg3 10. hxg3 Qf6 11. e4 O-O 12. Bd3 d6 13. Ne2 Nc6 14. O-O-O e5 15. d5 Ne7 16. Rh5 Kg7 17. Rdh1 Rh8 18. f4 exf4 19. gxf4 Bd7 20. Kb2 fxe4 21. Bxe4 Bf5 22. fxg5 hxg5 23. Rxh8 Rxh8 24. Rxh8 Kxh8 25. Ng3 Bg6 26. Bxg6 Nxg6 27. Qe2 Kg7 28. Nh5+ 1-0

[Event "Live Chess"]
[Site "Chess.com"]
[Date "2024.06.02"]
[Round "-"]
[White "Mangoalo"]
[Black "gmnorfolk"]
[Result "0-1"]
[WhiteElo "1066"]
[BlackElo "2138"]
[TimeControl "300"]
[EndTime "7:43:45 PDT"]
[Termination "gmnorfolk won by resignation"]

1. e4 c5 2. Nf3 d6 3. d4 cxd4 4. Nxd4 Nf6 5. Nc3 a6 6. f4 e5 7. fxe5 Nbd7 8. exf6 Qxf6 9. Bd3 Qxd4 10. Be2 Qxd1+ 11.
Bxd1 Nf6 12. Bg5 Be7 13. O-O O-O 14. Bxf6 Bxf6 15. Bf3 Bxc3 16. bxc3 Be6 17. a4 Rac8 18. Ra3 Rc7 19. a5 Rfc8 20. Rfa1 Rxc3 21. Rxc3 Rxc3 22. Bd1 Kf8 0-1

[Event "Live Chess"]
[Site "Chess.com"]
[Date "2024.06.02"]
[Round "-"]
[White "GEMdzq"]
[Black "matt1979"]
[Result "1-0"]
[WhiteElo "2269"]
[BlackElo "1433"]
[TimeControl "300"]
[EndTime "7:43:49 PDT"]
[Termination "GEMdzq won on time"]

1. e4 d6 2. d4 Nf6 3. Bd3 Nbd7 4. c3 e5 5. Nf3 Be7 6. O-O c6 7. Qe2 Qc7 8. h3 h6 9. Be3 g5 10. Nbd2 Rg8 11. g4 Nf8 12. Rfd1 Nxg4 13. hxg4 Bxg4 14.
Qe1 Qd7 15. Be2 Bh3 16. Nh2 Ng6 17. dxe5 dxe5 18. Ndf3 Qe6 19. Kh1 Nf4 20. Bxf4 gxf4 21. Bf1 Bg4 22. Bg2 Bh5 23. Qf1 Bd6 24. Bh3 Qe7 25.
Rd3 f6 26. Rad1 Rd8 27. b4 Kf7 28. Bf5 Rg7 29. Qh3 Bxf3+ 30. Rxf3 Rdg8 31. Qh5+ Kf8 32. Rfd3 Bc7 33. Bh3 Bb6 34. Qxh6 Bxf2 35. Rd7 Ke8 36. Rxe7+ Kxe7 37. Rd7+ Ke8 38. Rxg7 Rxg7 39. Qxg7 1-0

[Event "Live Chess"]
[Site "Chess.com"]
[Date "2024.06.02"]
[Round "-"]
[White "raimundklein"]
[Black "Ferrarifan27"]
[Result "0-1"]
[WhiteElo "1590"]
[BlackElo "2148"]
[TimeControl "300"]
[EndTime "7:43:57 PDT"]
[Termination "Ferrarifan27 won by resignation"]

1. e4 e5 2. Nf3 Nc6 3. Bc4 Bc5 4.
c3 Nf6 5. O-O d6 6. Re1 Bg4 7.
h3 Bh5 8. b4 Bb6 9. a4 a6 10.
Bb2 O-O 11. Bb3 Kh8 12. d3 d5 13. exd5 Nxd5 14. Qc2 Bxf3 15. gxf3 Nf4 16. Kh2 Qh4 0-1

[Event "Live Chess"]
[Site "Chess.com"]
[Date "2024.06.02"]
[Round "-"]
[White "Step-S"]
[Black "Mikhail_Golubev"]
[Result "0-1"]
[WhiteElo "1281"]
[BlackElo "2493"]
[TimeControl "300"]
[EndTime "7:44:01 PDT"]
[Termination "Mikhail_Golubev won by checkmate"]

1. e4 c5 2. f4 d5 3. Nf3 dxe4 4.
Ng5 Nf6 5. Bc4 Bg4 6. Be2 Bxe2 7. Qxe2 Nc6 8. Qc4 e6 9. O-O Nd4 10. Nc3 b5 11. Nxb5 h6 12. Nh3 Qd7 13. d3 Qxb5 14. Qxb5+ Nxb5 15. dxe4 Nxe4 16. Re1 f5 17. Nf2 Nxf2 18.
Kxf2 Kf7 19. Re5 Bd6 20. Re3 Nd4 21. Rc3 g5 22. fxg5 hxg5 23. Bxg5 Rxh2 24. b4 cxb4 25. Rc4 Rg8 26. Rxd4 Bc5 27. Be3 Rhxg2+ 28. Kf3 R8g3+ 29.
Kf4 Kf6 30. Rd3 e5# 0-1

[Event "Live Chess"]
[Site "Chess.com"]
[Date "2024.06.02"]
[Round "-"]
[White "Grace6363"]
[Black "McCarthyStone"]
[Result "0-1"]
[WhiteElo "1129"]
[BlackElo "2460"]
[TimeControl "300"]
[EndTime "7:44:11 PDT"]
[Termination "McCarthyStone won by resignation"]

1. d4 d5 2. c4 c6 3. Nc3 dxc4 4. e4 b5 5. a4 b4 6. Nce2 Nf6 7. Ng3 a5 8. Bxc4 e6 9. Nf3 Ba6 10. Qd3 Be7 11.
Bxa6 Nxa6 12. b3 O-O 13. O-O c5 14. e5 Nd5 15. Bd2 cxd4 16. Nxd4 Nc5 17. Qf3 Rc8 18. Rfd1 Bg5 19. Qe2 Bxd2 20. Qxd2 Qe7 21. Nge2 Ne4 22. Qe1 Qg5 23. Ng3 Nxg3 24. fxg3 Rfd8 25. Nf3 Qe3+ 26. Qxe3 Nxe3 27. Rxd8+ Rxd8 28. Re1 Nd5 29. Rd1 Rc8 30. Kf2 Kf8 31. Nd4 Ke7 32. Nb5 Rc2+ 33.
Kf3 g5 34. h4 g4+ 35. Ke4 Rxg2 36. Nd4 Nc3+ 0-1

[Event "Live Chess"]
[Site "Chess.com"]
[Date "2024.06.02"]
[Round "-"]
[White "ClassyChameleon"]
[Black "davigator"]
[Result "0-1"]
[WhiteElo "1535"]
[BlackElo "2338"]
[TimeControl "300"]
[EndTime "7:45:00 PDT"]
[Termination "davigator won by resignation"]

1. e4 c5 2. Nf3 Nc6 3. d4 cxd4 4.
Nxd4 Nf6 5. Nxc6 bxc6 6. e5 Nd5 7. Bc4 Nb6 8. Bb3 g6 9. Bf4 Bg7 10. Nd2 O-O 11. Nf3 Ba6 12. Qd2 Qc8 13. Bh6 Nc4 14.
Bxc4 Bxc4 15. b3 Bd5 16. Bxg7 Kxg7 17. Qd3 Qc7 18. O-O Bxf3 19. Qxf3 Qxe5 20. Rfe1 Qc5 21. c4 e5 22. Rad1 d6 23. Qg4 Rad8 24. Qg5 f6 25. Qc1 Rf7 26. Qb2 a5 27. a4 Rb7 28.
Qa2 Rdb8 29. Rd3 Kf7 30. Red1 Rd7 31. Qd2 Rbd8 32. Rb1 d5 33. cxd5 Rxd5 34. Rxd5 Rxd5 35. Qe2 Qd6 36. h3 h5 37. Qa6 Kg7 38. Qb7+ Kh6 39.
h4 Rd1+ 40. Rxd1 Qxd1+ 41. Kh2 Qd6 42. g3 g5 43. hxg5+ fxg5 44. Qa8 Qf6 45. Kg2 g4 46.
Qxa5 h4 47. Qd2+ Kh5 48. Qe3 h3+ 49. Kh2 Qe6 50. b4 Qd5 51. f3 Qa2+ 0-1

[Event "Live Chess"]
[Site "Chess.com"]
[Date "2024.06.02"]
[Round "-"]
[White "GoldsmanB"]
[Black "ameetghasi100"]
[Result "0-1"]
[WhiteElo "1110"]
[BlackElo "2749"]
[TimeControl "300"]
[EndTime "7:45:01 PDT"]
[Termination "ameetghasi100 won by resignation"]

1. d4 g6 2. e4 d6 3. Nf3 c6 4.
Nc3 Nd7 5. Be3 Bg7 6. Bd3 Ngf6 7.
e5 Nd5 8. Nxd5 cxd5 9. O-O dxe5 10. dxe5 O-O 11. Re1 Nxe5 12. Nxe5 Bxe5 13. Rb1 Bg7 14. Bd2 e5 15. Bc3 a6 16. Bxe5 Bxe5 17. Rxe5 Be6 18. h3 Qd6 19. Re2 Rad8 20. c3 Rfe8 21. Qc2 d4 22. c4 b5 23. b3 bxc4 24.
bxc4 Qa3 25. Rb3 Qa5 26. Qd2 Qc5 27. Qb4 Qg5 28. Qd2 Qh4 29. Re4 Qf6 30. Qf4 Qe7 31.
Rb6 Qc5 32. Rxa6 Bxc4 33. Bxc4 Qxc4 34. Rxe8+ Rxe8 35. Rd6 Qxa2 36. Qxd4 Qb1+ 37. Kh2 Qb8 38. g3 Qa8 39. Qd5 Qa7 40. Rd8 Qxf2+ 41. Kh1 Qe1+ 42. Kg2 Qe2+ 43. Kg1 Qe3+ 44. Kg2 Rxd8 45. Qxd8+ Kg7 46. Qa5 Qe2+ 47. Kg1 Qf3 48. Qa1+ Kh6 49. Qc1+ g5 50. Qc5 Qxg3+ 51. Kf1 Qxh3+ 52. Ke2 Qg2+ 53. Kd3 Qf3+ 54. Kc4 Qf4+ 55. Kc3 Qf6+ 56. Kd3 Qd8+ 57. Kc4 Kg6 58. Qc6+ f6 59. Qe4+ Kh6 60. Qh1+ Kg7 61. Qb7+ Kh8 62. Qf7 Qg8 0-1

[Event "Live Chess"]
[Site "Chess.com"]
[Date "2024.06.02"]
[Round "-"]
[White "silunn"]
[Black "JohanKjeldahl"]
[Result "0-1"]
[WhiteElo "2064"]
[BlackElo "1811"]
[TimeControl "300"]
[EndTime "7:45:04 PDT"]
[Termination "JohanKjeldahl won by resignation"]

1. e4 c5 2. Nf3 e6 3. d4 cxd4 4.
Nxd4 Nc6 5. Nb3 Nf6 6. Qf3 Be7 7. Be2 O-O 8. h3 b6 9. O-O Bb7 10. Nc3 Ne5 11. Qe3 Rc8 12. f4 Nc4 13. Qd4 Na5 14. Nxa5 Bc5 15. Qxc5 bxc5 16. Nxb7 Qb6 17. e5 Ne8 18.
Bf3 d5 19. exd6 Nxd6 20. Na4 Qc7 21. Nbxc5 Nf5 22. Bd2 Nd4 23. Be4 Rfd8 24. Bc3 Ne2+ 25.
Kh2 Nxc3 26. bxc3 Qa5 27. Rfd1 Rxd1 28. Rxd1 g6 29. Rd4 Rxc5 30. Nxc5 Qxc5 31. Bd3 Qxc3 32. Rc4 Qb2 33. a4 Kg7 34. Kg3 h5 35. Kf3 h4 36.
Kg4 f5+ 37. Kxh4 Qf6+ 38. Kg3 a5 39. Rc7+ Kh6 40. Rc5 Qd8 41. Rc4 Qd6 42. Kf3 Qd5+ 43. Kf2 e5 44. fxe5 Qxe5 45. Kf3 Qd5+ 46. Kf2 Qe5 47.
Rh4+ Kg5 48. Rc4 f4 49. Re4 Qc5+ 50. Kf3 Qd5 51. Bc4 Qd1+ 52. Be2 Qxc2 53. Rxf4 Qc3+ 54. Bd3 Qxd3+ 55. Kf2 Kxf4 0-1

[Event "Live Chess"]
[Site "Chess.com"]
[Date "2024.06.02"]
[Round "-"]
[White "NottheBishopSacrifice"]
[Black "Frankie_Badacsonyi"]
[Result "1-0"]
[WhiteElo "2340"]
[BlackElo "2368"]
[TimeControl "300"]
[EndTime "7:45:24 PDT"]
[Termination "NottheBishopSacrifice won by resignation"]

1. d4 Nf6 2. c4 e6 3. Nf3 Bb4+ 4. Bd2 c5 5. Bxb4 cxb4 6. a3 bxa3 7. Rxa3 O-O 8. e3 d6 9. Be2 Nc6 10. O-O a5 11. Nc3 e5 12. Nb5 Bg4 13. h3 Bh5 14.
Nd2 Bxe2 15. Qxe2 Re8 16. Qd3 b6 17. Ne4 Nb4 18. Nxf6+ Qxf6 19. Qc3 Rac8 20. b3 g6 21. Raa1 Kg7 22. Rad1 Red8 23. Rd2 exd4 24. Qxd4 Qxd4 25.
Rxd4 d5 26. Rfd1 Rc5 27. Nc3 Rdc8 28. Nxd5 Nxd5 29. Rxd5 a4 30. Rxc5 Rxc5 31. bxa4 Rxc4 32. Rb1 Rxa4 33. Rxb6 Ra2 34. g4 Rc2 35. Kg2 h6 36. Kg3 Ra2 37. h4 Rc2 38. f3 Re2 39.
Kf4 Rh2 40. Kg3 Re2 41. Rb3 Rd2 42. g5 hxg5 43. hxg5 Re2 44. Kf4 Rh2 45. Rb7 Rc2 46.
e4 Rc5 47. Kg4 Re5 48. Rb4 Rc5 49. Rd4 Kf8 50. Rd5 Rc2 51. Kf4 Ke7 52. Ra5 Rc7 53. Ke5 Rb7 54. f4 Rc7 55. f5 gxf5 56. exf5 Rb7 57. f6+ Kd7 58. Kf5 Rb1 59. Ra4 Rg1 60. Re4 1-0